 Dungeon Crawl Stone Soup version 0.25-a0-340-ga1faa1601d (webtiles) character file.

Game seed: 16139596101112416734, levelgen mode: deterministic

1706202 Amber the Conqueror (level 27, 273/273 HPs)
             Began as a Hill Orc Fighter on Dec 28, 2019.
             Was the Champion of Okawaru.
             Escaped with the Orb
             ... and 3 runes on Dec 29, 2019!
             The game lasted 04:17:56 (77426 turns).

Amber the Conqueror (Hill Orc Fighter)             Turns: 77426, Time: 04:17:56

Health: 273/273    AC: 48    Str: 46    XL:     27
Magic:  45/45      EV: 25    Int: 14    God:    Okawaru [******]
Gold:   6058       SH: 21    Dex: 21    Spells: 35/42 levels left

rFire    + + +     SeeInvis +   b - +9 broad axe of Leory {flame, *Noise rC+ Str+6}
rCold    + + +     Gourm    .   e - +2 shield of Resistance {rF+ rC+ MR+}
rNeg     + + .     Faith    .   J - +6 gold dragon scales
rPois    +         Spirit   .   p - +3 hat of Pondering {ponderous, MR+ MP+10 Int+5}
rElec    .         Reflect  .   Q - +2 cloak {rPois}
rCorr    .         Harm     .   O - +0 pair of gloves of Wonludedd {rN+ MR+ Str+2}
MR       +++++     Clarity  +   q - +2 pair of boots {run}
Stlth    ..........             z - amulet of the Four Winds {rN+ MR+++ Clar}
HPRegen  0.55/turn              Y - ring "Gary" {*Drain rF+++ MR+ Int-2 Slay+4}
MPRegen  0.29/turn              R - ring "Orphe" {Str+4 Dex+4 SInv Stlth+}

@: mighty, agile, heroism, finesse, very slightly contaminated
A: molten scales 1, agile 1, blurry vision 1, poison resistance, wild magic 1
0: Orb of Zot
}: 3/15 runes: decaying, serpentine, silver
a: Heroism, Finesse, Renounce Religion


You escaped.
You worshipped Okawaru.
Okawaru was exalted by your worship.
You were not hungry.

You visited 10 branches of the dungeon, and saw 52 of its levels.
You also visited: Bailey, Ice Cave, Volcano, Wizlab and Desolation.

You collected 8493 gold pieces.
You spent 2435 gold pieces at shops.

Inventory:

Hand Weapons
 a - a +9 broad axe of freezing
 b - the +9 broad axe of Leory (weapon) {flame, *Noise rC+ Str+6}
   (Okawaru gifted it to you on level 1 of the Elven Halls)

   It has been specially enchanted to burn those struck by it, causing extra
   injury to most foes and up to half again as much damage against particularly
   susceptible opponents.
   Big, fiery blades are also staple armaments of hydra-hunters.
   It affects your strength (+6).
   It protects you from cold.
   It may make noises in combat.
 N - a +9 broad axe of protection
Missiles
 D - 5 javelins (quivered)
 I - 18 silver javelins
 K - 3 throwing nets
 V - 7 curare-tipped darts
Armour
 e - the +2 shield of Resistance (worn) {rF+ rC+ MR+}
   (You found it on level 10 of the Dungeon)

   It protects you from fire.
   It protects you from cold.
   It affects your resistance to hostile enchantments.
 p - the +3 hat of Pondering (worn) {ponderous, MR+ MP+10 Int+5}
   (You found it in the Desolation of Salt)

   It affects your intelligence (+5).
   It affects your resistance to hostile enchantments.
   It affects your magic capacity (+10).
 q - a +2 pair of boots of running (worn)
 J - +6 gold dragon scales (worn)
 O - the +0 pair of gloves of Wonludedd (worn) {rN+ MR+ Str+2}
   (You found it on level 2 of the Lair of Beasts)

   It affects your strength (+2).
   It protects you from negative energy.
   It affects your resistance to hostile enchantments.
 Q - a +2 cloak of poison resistance (worn)
Jewellery
 i - the amulet "Loucan" {RegenMP +Fly rElec rF+}
   (You acquired it in an ice cave)

   [amulet of magic regeneration]

   It increases your magic regeneration.
   It protects you from fire.
   It insulates you from electricity.
   It lets you fly.
 z - the amulet of the Four Winds (around neck) {rN+ MR+++ Clar}
   (You found it on level 2 of the Crypt)

   [amulet of nothing]

   It protects you from negative energy.
   It affects your resistance to hostile enchantments.
   It protects you against confusion.
 H - an uncursed ring of resist corrosion
 R - the ring "Orphe" (right hand) {Str+4 Dex+4 SInv Stlth+}
   (You found it on level 11 of the Dungeon)

   [ring of see invisible]

   It affects your strength (+4).
   It affects your dexterity (+4).
   It lets you see invisible.
   It makes you more stealthy.
 Y - the ring "Gary" (left hand) {*Drain rF+++ MR+ Int-2 Slay+4}
   (You found it on level 3 of the Crypt)

   [ring of protection from magic]

   It affects your intelligence (-2).
   It affects your accuracy and damage with ranged weapons and melee attacks
   (+4).
   It renders you almost immune to fire.
   It affects your resistance to hostile enchantments.
   It causes draining when unequipped.
Wands
 l - a wand of iceblast (58)
 m - a wand of acid (36)
 A - a wand of digging (2)
Scrolls
 c - 2 scrolls of immolation
 r - 18 scrolls of teleportation
 u - 5 scrolls of magic mapping
 y - 10 scrolls of fear
 B - 21 scrolls of remove curse
 E - 13 scrolls of blinking
 F - 11 scrolls of identify
 M - a scroll of amnesia
 P - 3 scrolls of fog
 T - 2 scrolls of silence
Potions
 g - 9 potions of lignification
 h - 4 potions of flight
 k - 4 potions of haste
 n - 28 potions of curing
 s - 9 potions of brilliance
 t - 4 potions of invisibility
 w - 3 potions of agility
 x - 5 potions of cancellation
 C - 8 potions of resistance
 G - 17 potions of heal wounds
 S - 4 potions of berserk rage
 W - 6 potions of ambrosia
 Z - 5 potions of magic
Miscellaneous
 d - a lamp of fire
 j - 2 phantom mirrors
 o - 4 boxes of beasts
Comestibles
 f - 71 rations


   Skills:
 O Level 27 Fighting
 - Level 19.4(24.4) Axes
 - Level 21.8(26.8) Throwing
 - Level 26.1(27) Armour
 - Level 9.3(14.3) Dodging
 - Level 15.0(20.0) Shields
 - Level 8.0 Spellcasting
 - Level 9.0 Charms
 - Level 9.8 Necromancy
 * Level 7.6 Transmutations
 * Level 9.7 Earth Magic
 - Level 15.3 Invocations
 - Level 3.6 Evocations


You had 35 spell levels left.
You knew the following spells:

 Your Spells              Type           Power        Failure   Level  Hunger
a - Song of Slaying       Chrm           #####...     2%          2    None
b - Regeneration          Chrm/Necr      #####.....   4%          3    ##.....
c - Passwall              Tmut/Erth      #####...     3%          2    None

Your spell library contained the following spells:

 Spells                   Type           Power        Failure   Level  Hunger
 Animate Skeleton         Necr           N/A          1%          1    None
 Infusion                 Chrm           ####         1%          1    None
 Pain                     Necr           ####         1%          1    None
 Sandblast                Erth           #####.       1%          1    None
 Sublimation of Blood     Necr           #####.....   2%          2    None
 Beastly Appendage        Tmut           #####.       3%          1    None
 Vampiric Draining        Necr           #####.....   3%          3    ##.....
 Sticks to Snakes         Tmut           #####...     4%          2    None
 Animate Dead             Necr           N/A          11%         4    ####...
 Corpse Rot               Necr/Air       N/A          12%         2    None
 Shroud of Golubria       Chrm/Tloc      ###...       13%         2    None
 Swiftness                Chrm/Air       ###.....     13%         2    None
 Petrify                  Tmut/Erth      #####...     16%         4    ####...
 Stone Arrow              Conj/Erth      ####..       22%         3    ##.....
 Ozocubu's Armour         Chrm/Ice       ###.....     26%         3    ##.....
 Spectral Weapon          Hex/Chrm       ###.....     26%         3    ##.....
 Borgnjor's Vile Clutch   Necr/Erth      #####.....   26%         5    #####..
 Dispel Undead            Necr           #####...     26%         5    #####..
 Lee's Rapid Deconstruct  Erth           #####.....   28%         5    #####..
 Excruciating Wounds      Chrm/Necr      #####.....   30%         5    #####..
 Spider Form              Tmut/Pois      ###.......   32%         3    ##.....
 Apportation              Tloc           #.....       45%         1    None
 Confusing Touch          Hex            #.....       45%         1    None
 Corona                   Hex            #......      45%         1    None
 Foxfire                  Conj/Fire      #...         45%         1    None
 Freeze                   Ice            #...         45%         1    None
 Magic Dart               Conj           #...         45%         1    None
 Shock                    Conj/Air       #...         45%         1    None
 Summon Butterflies       Summ           #.......     45%         1    None
 Summon Small Mammal      Summ           #...         45%         1    None
 Ignite Poison            Fire/Tmut/Pois ###.....     47%         3    ##.....
 Blade Hands              Tmut           #####.....   52%         5    #####..
 Leda's Liquefaction      Hex/Erth       ####......   54%         4    ####...
 Blink                    Tloc           N/A          58%         2    None
 Call Imp                 Summ           #.......     58%         2    None
 Ensorcelled Hibernation  Hex/Ice        #.....       58%         2    None
 Poisonous Vapours        Pois/Air       #.....       58%         2    None
 Searing Ray              Conj           #.....       58%         2    None
 Slow                     Hex            #.......     58%         2    None
 Ice Form                 Ice/Tmut       ###.....     71%         4    ####...
 Death Channel            Necr           #####.....   78%         6    #######
 Call Canine Familiar     Summ           #.......     82%         3    ##.....
 Confuse                  Hex            #.......     82%         3    ##.....
 Conjure Flame            Conj/Fire      #.......     82%         3    ##.....
 Dazzling Flash           Conj/Hex       #.....       82%         3    ##.....
 Gell's Gravitas          Tloc           #.........   82%         3    ##.....
 Inner Flame              Hex/Fire       #.......     82%         3    ##.....
 Lesser Beckoning         Tloc           #.........   82%         3    ##.....
 Mephitic Cloud           Conj/Pois/Air  #.......     82%         3    ##.....
 Portal Projectile        Hex/Tloc       #.....       82%         3    ##.....
 Recall                   Summ/Tloc      N/A          82%         3    ##.....
 Static Discharge         Conj/Air       #.......     82%         3    ##.....
 Summon Guardian Golem    Hex/Summ       #.......     82%         3    ##.....
 Teleport Other           Tloc           #.......     82%         3    ##.....
 Tukima's Dance           Hex            #.......     82%         3    ##.....
 Iskenderun's Battlesphe  Conj/Chrm      ###.....     90%         5    #####..
 Statue Form              Tmut/Erth      #####....    90%         6    #######
 Alistair's Intoxication  Tmut/Pois      ###.....     95%         5    #####..
 Irradiate                Conj/Tmut      ###.......   95%         5    #####..
 Yara's Violent Unravell  Hex/Tmut       ###.......   95%         5    #####..
 Bolt of Magma            Conj/Fire/Erth ###.......   97%         5    #####..
 Hydra Form               Tmut           #####.....   97%         6    #######
 Airstrike                Air            #.........   99%         4    ####...
 Cause Fear               Hex            #.........   99%         4    ####...
 Fulminant Prism          Conj/Hex       #.........   99%         4    ####...
 Hailstorm                Conj/Ice       #.......     99%         4    ####...
 Iskenderun's Mystic Bla  Conj/Tloc      #.......     99%         4    ####...
 Sticky Flame             Conj/Fire      #.......     99%         4    ####...
 Summon Ice Beast         Ice/Summ       #.......     99%         4    ####...
 Summon Lightning Spire   Summ/Air       #.......     99%         4    ####...
 Aura of Abjuration       Summ           #.........   100%        5    #####..
 Fireball                 Conj/Fire      #.........   100%        5    #####..
 Lightning Bolt           Conj/Air       #.........   100%        5    #####..
 Metabolic Englaciation   Hex/Ice        #.........   100%        5    #####..
 Silence                  Hex/Air        #.........   100%        5    #####..
 Summon Demon             Summ           #.........   100%        5    #####..
 Summon Forest            Summ/Tloc      #.........   100%        5    #####..
 Summon Mana Viper        Hex/Summ       #.......     100%        5    #####..
 Conjure Ball Lightning   Conj/Air       #.........   100%        6    #######
 Darkness                 Hex            #.........   100%        6    #######
 Deflect Missiles         Chrm/Air       ###.......   100%        6    #######
 Eringya's Noxious Bog    Tmut/Pois      ###.......   100%        6    #######
 Freezing Cloud           Conj/Ice/Air   #.........   100%        6    #######
 Invisibility             Hex            #.......     100%        6    #######
 Iron Shot                Conj/Erth      ####......   100%        6    #######
 Ozocubu's Refrigeration  Ice            #.........   100%        6    #######
 Shadow Creatures         Summ           N/A          100%        6    #######
 Simulacrum               Ice/Necr       ####......   100%        6    #######
 Starburst                Conj/Fire      #.........   100%        6    #######
 Dragon Form              Tmut           #####.....   100%        7    #######
 Haunt                    Necr/Summ      ####......   100%        7    #######
 Orb of Destruction       Conj           #.........   100%        7    #######
 Ring of Flames           Chrm/Fire      ###.......   100%        7    #######
 Spellforged Servitor     Conj/Summ      #.........   100%        7    #######
 Chain Lightning          Conj/Air       #.........   100%        8    #######
 Discord                  Hex            #.........   100%        8    #######
 Lehudib's Crystal Spear  Conj/Erth      ####......   100%        8    #######
 Dragon's Call            Summ           #.........   100%        9    #######
 Fire Storm               Conj/Fire      #.........   100%        9    #######
 Glaciate                 Conj/Ice       #.........   100%        9    #######
 Shatter                  Erth           #####.....   100%        9    #######
 Passage of Golubria      Tloc           Unusable     N/A         4    N/A

Dungeon Overview and Level Annotations

Branches:
Dungeon (15/15)            Temple (0/1) D:7            Lair (6/6) D:8
  Swamp (4/4) Lair:3        Snake (4/4) Lair:4        Slime (0/5) Lair:6
    Orc (2/2) D:11            Elf (3/3) Orc:2        Vaults (5/5) D:14
  Crypt (3/3) Vaults:3       Tomb (0/3) Crypt:3      Depths (5/5) D:15
    Zot (5/5) Depths:5     Bailey (visited)           IceCv (visited)
Volcano (visited)          WizLab (visited)         Desolation (visited)

Altars:
Ashenzari
Dithmenos
Elyvilon
Fedhas
Gozag
Hepliaklqana
Kikubaaqudgha
Nemelex Xobeh
Okawaru
Qazlal
Ru
Sif Muna
Vehumet
Wu Jian
Xom
Yredelemnul
Zin
The Shining One
Beogh
Jiyva

Shops:
D:6 *   Orc:2 *%}*   Elf:2 !   Elf:3 %   Snake:2 %   Vaults:1 }(   Vaults:4 }
Vaults:5 [=?!   Depths:2 ([   Depths:3 (   Depths:4 (

Portals:
Hell: Depths:1 Depths:2 Depths:3 Depths:4 Depths:5
Abyss: Depths:4
Pandemonium: Depths:2 Depths:3 Depths:4
Ziggurat: Depths:1
Trove: Depths:1 (give +3 storm dragon scales)

Annotations:
D:9 exclusion: downstairs
D:10 1 runed translucent door
D:11 1 runed translucent door, Yermak's ghost, journeyman CeTm
D:13 exclusion: oklob plant
Lair:4 exclusion: 3 oklob plants
Elf:2 2 runed translucent doors, Borgoz's ghost, adept GrFi
Zot:5 exclusion: obsidian statue


Innate Abilities, Weirdness & Mutations

You are partially covered in molten scales. (AC +2)
You are agile. (Dex +2)
Scrolls take you a little longer to read.
Your system is resistant to poisons. (rPois)
Your spells are a little harder to cast, but a little more powerful.


Message History

You closely miss the sixfirhy.
The sixfirhy is heavily wounded.
You block the sixfirhy's attack. The cacodemon gestures at you.
The bolt of energy misses you.
You slice the sixfirhy like a ripe choko!!!
You burn the sixfirhy!
You kill the sixfirhy!
Okawaru accepts your kill. The cacodemon gestures at you.
The bolt of energy hits you but does no damage.
You carve the cacodemon like a ham!!! You burn the cacodemon!
The cacodemon is severely wounded.
You cut the cacodemon into ribbons!!! You burn the cacodemon!
You kill the cacodemon!
Okawaru accepts your kill.
You feel yourself slow down.
There is an open door here.
There is a staircase leading out of the dungeon here.
You have escaped!

.........#+#.########..#..#.##...
>............#..... #..#.........
.........#.#.#.8.8.##.......#####
.........#.#.#..8...##.#.#....)..
.........#.#.#.8.8...###.#...##.#
.........#.#.#........##.#...#..#
.........#.#.#.###.⌠.⌠.#.#...#...
.....#####.#.#.#.#.....#.#.......
....># ###.#.#.'@#..8..'.#.#.....
+###.# #.....#.#.#.....#.#.......
.....# #.....#.###.⌠.⌠.#..#...#..
.....# #.....#........###.#......
.....# #....##.8.8...##.....#.#..
.....###....##..8...###.....#.#..
.......#..(.##.8.8.## #.....#.#..
.....#.#######.....# #.....#'###
...(.#.# ####### #..........


There were no monsters in sight!

Vanquished Creatures
  5 orbs of fire
  7 ancient liches
  2 juggernauts
  Vashnia (Snake:3)
  4 Killer Klowns
  Xtahua (Depths:5)
  A curse toe (Zot:2)
  The ghost of Efutuir the Deadly Accurate, a veteran GnWn of the Shining One (Crypt:2)
  4 caustic shrikes (Depths:5)
  Nikola (Snake:2)
  A pearl dragon (Depths:3)
  A bone dragon (Crypt:3)
  8 golden dragons
  2 electric golems (Zot:5)
  25 Orb Guardians (Zot:5)
  18 tentacled monstrosities
  10 titans
  8 liches
  3 deep elf blademasters
  6 quicksilver dragons
  2 deep elf master archers (Elf:3)
  3 thorn hunters
  9 death cobs
  Frances (Elf:1)
  12 shadow dragons
  3 sphinxes
  9 tengu reavers
  16 storm dragons
  4 ancient champions
  8 draconian monks
  2 revenants
  13 nagarajas
  Roxanne (Snake:3)
  12 fire giants
  4 draconian knights
  10 deep elf sorcerers
  18 vault wardens
  2 cacodemons
  11 frost giants
  An imperial myrmidon (Desolation)
  3 iron dragons
  2 balrugs
  Aizul (Snake:3)
  7 draconian scorchers
  A curse skull (Crypt:1)
  21 ironheart preservers
  7 deep elf elementalists
  15 draconian annihilators
  7 draconian stormcallers
  7 draconian shifters
  2 stone giants (shapeshifter)
  4 ghouls
  9 war gargoyles
  27 stone giants
  An ophan (Depths:3)
  13 black draconians
  2 spriggan defenders
  22 very ugly things
  An apis (Depths:3)
  An entropy weaver (Vaults:5)
  A small abomination (Vaults:5)
  17 green draconians
  12 deep elf annihilators
  4 deep elf demonologists
  8 vampire knights
  14 white draconians
  A minotaur (Lair:2)
  A lorocyproca (D:3)
  31 purple draconians
  12 red draconians
  Snorg (D:11)
  13 ettins
  15 yellow draconians
  5 crystal guardians
  A green death (Depths:2)
  12 deep elf death magi
  10 ragged hierophants (Desolation)
  4 jiangshi (Crypt:1)
  9 statues (WizLab)
  10 deep elf high priests
  12 yaktaur captains
  11 great orbs of eyes
  11 fire dragons
  10 ogre magi
  5 servants of whispers (Desolation)
  The ghost of zkyp the Carver, a journeyman DgGl (Lair:2)
  29 vault guards
  A quicksilver dragon skeleton (Crypt:2)
  A ghost crab (Swamp:2)
  7 peacekeepers (Desolation)
  10 ice dragons
  15 hydras
  17 naga warriors
  A monstrous demonspawn (Depths:2)
  A merfolk avatar (Lair:6)
  4 shambling mangroves
  5 rakshasas
  5 anacondas
  6 spriggan air magi
  8 centaur warriors
  Erolcha (D:11)
  The ghost of tilp the Slicer, a journeyman HaAs of Makhleb (D:10)
  25 dancing weapons
  6 deep troll shamans
  A death knight (Vaults:4)
  An orc high priest (Elf:1)
  11 deep troll earth magi
  26 two-headed ogres
  3 death yaks (Lair:2)
  5 tengu warriors
  14 alligators
  5 vampire magi
  A spriggan berserker (Depths:3)
  27 naga sharpshooters
  2 titan zombies
  5 iron trolls
  2 soul eaters
  25 deep elf knights
  7 shock serpents
  3 sun demons
  2 fire crabs (Swamp:4)
  11 salamander mystics
  28 skeletal warriors
  A death drake (shapeshifter) (D:13)
  30 deep trolls
  2 sixfirhies
  3 unseen horrors
  7 hell knights
  7 glowing orange brains
  A shadow demon (D:2)
  4 wizards
  4 sea snakes (Snake:3)
  17 deep elf archers
  9 swamp dragons
  4 flayed ghosts
  10 orc knights
  2 torturous demonspawn
  A deep troll (shapeshifter) (Depths:3)
  An infernal demonspawn (Depths:4)
  13 phantasmal warriors
  13 harpies
  A lindwurm (Swamp:4)
  9 naga ritualists
  19 necromancers
  5 orc sorcerers
  An oklob plant (Lair:4)
  11 mana vipers
  5 wolf spiders
  Pikel (D:6)
  15 ironbrand convokers
  A shadow dragon skeleton (Crypt:3)
  A frost giant zombie (Crypt:1)
  An iron dragon zombie (Crypt:1)
  46 ugly things
  104 deep elf magi
  A stone giant zombie (Vaults:3)
  A cyclops (shapeshifter) (Depths:3)
  7 cyclopes
  3 manticores
  An elephant (shapeshifter) (Elf:1)
  3 salamanders (shapeshifter)
  15 salamanders
  A shining eye (shapeshifter) (Depths:3)
  A shock serpent zombie (Crypt:3)
  8 elephants
  20 moths of wrath
  A black mamba (shapeshifter) (Depths:3)
  4 guardian serpents (shapeshifter)
  A dire elephant zombie (Crypt:1)
  18 naga magi
  6 centaur zombies
  14 guardian serpents
  27 black mambas
  4 gargoyles
  An orange demon (Depths:3)
  3 water nymphs (shapeshifter)
  A spiny frog (shapeshifter) (Depths:2)
  8 vault sentinels
  A grey draconian zombie (Crypt:2)
  14 komodo dragons
  3 rime drakes (shapeshifter)
  A molten gargoyle (Desolation)
  A komodo dragon (shapeshifter) (Depths:3)
  20 spiny frogs
  An ice statue (IceCv)
  7 rime drakes
  A minotaur zombie (Crypt:1)
  64 yaktaurs
  A yaktaur (shapeshifter) (Depths:3)
  An efreet (Volcano)
  12 freezing wraiths
  2 ice devils
  A purple draconian skeleton (Crypt:2)
  3 kobold demonologists (D:14)
  A catoblepas skeleton (Crypt:1)
  7 tengu conjurers
  A hydra zombie (Crypt:3)
  2 polar bears (shapeshifter)
  6 meliai
  15 tyrant leeches
  A wind drake (Lair:6)
  A queen bee (D:13)
  2 meliai (shapeshifter)
  6 trolls
  A jumping spider (shapeshifter) (D:14)
  2 polar bears
  16 hornets
  A hornet (shapeshifter) (Depths:3)
  2 wolf spider simulacra (IceCv)
  A slime creature (shapeshifter) (Depths:3)
  9 hippogriffs
  30 slime creatures
  7 bog bodies
  A hydra skeleton (Crypt:3)
  56 saltlings (Desolation)
  6 dream sheep (Lair:6)
  11 blink frogs
  2 frost giant simulacra
  An ettin zombie (Vaults:3)
  An ettin skeleton (Crypt:1)
  39 flying skulls
  2 redbacks (Vaults:5)
  8 centaur simulacra
  3 air elementals (Elf:1)
  4 spriggans
  2 vampires
  7 shadows
  13 water elementals
  5 wraiths
  25 yaks
  2 ynoxinuls
  A black mamba skeleton (Crypt:2)
  A spriggan (shapeshifter) (Depths:3)
  4 wyverns
  3 fire bats (Swamp:4)
  A golden eye (shapeshifter) (Depths:3)
  Grum (D:11)
  A hog (shapeshifter) (Vaults:3)
  3 steam dragons (Swamp:4)
  3 fire elementals
  4 hogs (D:7)
  A human (D:7)
  29 vampire mosquitoes
  2 basilisks
  A chaos spawn (Depths:2)
  A neqoxec (Depths:2)
  14 swamp worms
  A soldier ant (D:13)
  A yaktaur simulacrum (Vaults:1)
  15 insubstantial wisps
  7 wargs
  A soldier ant (shapeshifter) (D:15)
  An acid dragon (shapeshifter) (Depths:3)
  A torturous demonspawn zombie (Crypt:2)
  A gelid demonspawn zombie (Crypt:1)
  61 nagas
  13 water moccasins
  A floating eye (D:15)
  3 acid dragons
  7 porcupines
  45 orc warriors
  A swamp drake (shapeshifter) (D:15)
  14 swamp drakes
  A slave (D:5)
  A black bear (D:7)
  A swamp dragon zombie (Crypt:3)
  6 necrophages
  An ettin simulacrum (Vaults:3)
  11 ice beasts
  34 ogres
  A manticore zombie (Crypt:3)
  5 sky beasts
  5 phantoms
  An eye of draining (D:9)
  2 wolves (shapeshifter)
  A lindwurm skeleton (Crypt:2)
  A swamp dragon skeleton (Crypt:3)
  7 boggarts
  34 centaurs
  12 wolves
  9 crocodiles
  6 big kobolds
  A snapping turtle skeleton (Crypt:3)
  An elf zombie (Crypt:2)
  A fire crab zombie (Crypt:2)
  17 bullfrogs
  2 wyvern zombies
  2 earth elementals
  2 human skeletons
  2 wyvern skeletons
  5 scorpions
  A water moccasin skeleton (D:12)
  A scorpion (shapeshifter) (Depths:3)
  A swamp dragon simulacrum (IceCv)
  42 killer bees
  15 wights
  3 howler monkeys
  5 crimson imps
  A basilisk zombie (Crypt:2)
  2 draconian simulacra (IceCv)
  4 hounds
  2 quasits (Depths:4)
  16 orc priests
  5 jellies
  A soldier ant zombie (Crypt:1)
  A black bear zombie (Crypt:1)
  4 bullfrog skeletons
  3 centaur skeletons
  6 iguanas
  3 iron imps
  4 human zombies (Crypt:2)
  10 worker ants
  Natasha (D:1)
  25 orc wizards
  3 troll simulacra (IceCv)
  A polar bear simulacrum (IceCv)
  An ogre zombie (Crypt:3)
  A crocodile zombie (Crypt:2)
  A tengu zombie (Crypt:1)
  A mummy (Crypt:2)
  A howler monkey zombie (Crypt:1)
  A worker ant zombie (D:11)
  4 gnolls
  4 ogre simulacra (IceCv)
  12 adders
  6 naga simulacra (IceCv)
  A steam dragon zombie (Crypt:2)
  3 shadow imps
  16 white imps
  An ufetubus (Depths:4)
  An ooze (D:4)
  2 adder skeletons
  An adder zombie (D:8)
  2 worms
  5 dart slugs
  5 leopard geckos
  86 orcs
  A ball python (D:4)
  4 giant cockroaches
  8 hobgoblins
  10 jackals
  3 quokkas
  7 bats
  5 frilled lizards
  13 goblins
  A hobgoblin skeleton (Crypt:2)
  22 kobolds
  2 leopard gecko skeletons
  2 orc skeletons (Crypt:2)
  A quokka skeleton (D:9)
  4 rats
  A rat zombie (Crypt:1)
  A river rat skeleton (Crypt:2)
  6 briar patches (Swamp:4)
  A crawling corpse (Vaults:5)
  A fire vortex (Swamp:4)
  2 fungi
  7 plants
2718 creatures vanquished.

Vanquished Creatures (others)
  A lich (D:13)
  A storm dragon (Vaults:5)
  A draconian knight (Zot:1)
  A frost giant (Depths:2)
  A deep elf elementalist (Elf:3)
  A draconian annihilator (Zot:3)
  A spark wasp (Depths:2)
  An alligator (Swamp:4)
  2 spriggans (Swamp:4)
  An unseen horror (D:15)
  A swamp dragon (Swamp:4)
  2 deep elf magi
  A rust devil (D:13)
  2 hornets (Swamp:4)
  A slime creature (Swamp:4)
  A redback (Vaults:5)
  A steam dragon (Swamp:4)
  5 swamp drakes (Swamp:4)
  A slave (D:6)
  2 necrophages (Crypt:3)
  An ogre (Vaults:5)
  2 bullfrogs (D:6)
  A killer bee (D:13)
  A crimson imp (D:6)
  An orc wizard (D:4)
  2 orcs (D:4)
  3 briar patches (Swamp:4)
  4 fungi
  3 plants
46 creatures vanquished.

Grand Total: 2764 creatures vanquished

Notes
Turn   | Place    | Note
-------+----------+-------------------------------------------
     0 | D:1      | Amber the Hill Orc Fighter began the quest for the Orb.
     0 | D:1      | Reached XP level 1. HP: 19/19 MP: 1/1
   103 | D:1      | Reached XP level 2. HP: 27/27 MP: 2/2
   923 | D:2      | Found a shattered altar of Ashenzari.
  1330 | D:2      | Reached XP level 3. HP: 27/33 MP: 3/3
  1472 | D:2      | Noticed Natasha
  1543 | D:1      | Reached XP level 4. HP: 19/40 MP: 4/4
  1706 | D:2      | Reached skill level 4 in Fighting
  1711 | D:1      | Killed Natasha
  1944 | D:2      | Found an iron altar of Okawaru.
  1956 | D:2      | Reached XP level 5. HP: 46/46 MP: 5/5
  2004 | D:2      | Became a worshipper of Warmaster Okawaru
  2134 | D:2      | Found an opulent altar of Gozag.
  2791 | D:3      | Found a blossoming altar of Fedhas.
  2880 | D:3      | Reached skill level 5 in Axes
  3211 | D:3      | Found a stormy altar of Qazlal.
  3622 | D:4      | Got an ancient helmet
  3628 | D:4      | Identified the cursed +0 helmet of Hakerph {rC+} (You found
                  | it on level 4 of the Dungeon)
  3677 | D:4      | Reached skill level 1 in Throwing
  3677 | D:4      | Reached XP level 6. HP: 50/53 MP: 6/6
  4133 | D:4      | Found a radiant altar of Vehumet.
  4580 | D:4      | Noticed a phantom
  4590 | D:4      | Killed a phantom
  4656 | D:4      | Reached * piety under Okawaru
  4656 | D:4      | Reached skill level 5 in Armour
  4656 | D:4      | Reached XP level 7. HP: 58/60 MP: 7/7
  4917 | D:4      | Reached skill level 5 in Fighting
  5091 | D:5      | Entered Level 5 of the Dungeon
  5301 | D:5      | Reached skill level 5 in Shields
  5301 | D:5      | Reached skill level 1 in Invocations
  5316 | D:5      | Reached XP level 8. HP: 43/68 MP: 9/9
  5681 | D:5      | Reached ** piety under Okawaru
  6329 | D:5      | Found an ornate altar of the Wu Jian Council.
  6634 | D:6      | Noticed Pikel
  6650 | D:6      | Killed Pikel
  6650 | D:6      | Reached *** piety under Okawaru
  6650 | D:6      | Reached skill level 6 in Fighting
  6650 | D:6      | Reached XP level 9. HP: 57/75 MP: 10/12
  7057 | D:6      | Found Tamer's Assorted Antiques.
  7379 | D:7      | Reached skill level 5 in Invocations
  7459 | D:7      | Found a staircase to the Ecumenical Temple.
  7517 | D:7      | Received a gift from Okawaru
  7951 | D:7      | Found a hazy altar of Hepliaklqana.
  7951 | D:7      | Found a sacrificial altar of Ru.
  8087 | D:7      | Reached **** piety under Okawaru
  8087 | D:7      | Reached skill level 10 in Axes
  8092 | D:7      | Reached skill level 7 in Fighting
  8092 | D:7      | Reached XP level 10. HP: 56/86 MP: 14/14
  8445 | D:8      | Found a staircase to the Lair.
  9224 | D:8      | Noticed a two-headed ogre
  9230 | D:8      | Killed a two-headed ogre
  9230 | D:8      | Reached ***** piety under Okawaru
  9230 | D:8      | Received a gift from Okawaru
  9459 | D:9      | Received a gift from Okawaru
  9850 | D:9      | Reached skill level 8 in Fighting
  9860 | D:9      | Reached XP level 11. HP: 79/94 MP: 17/17
  9873 | D:9      | Noticed a two-headed ogre
  9888 | D:9      | Killed a two-headed ogre
 10203 | D:9      | Found a sparkling altar of Nemelex Xobeh.
 10315 | D:9      | Received a gift from Okawaru
 10392 | D:10     | Entered Level 10 of the Dungeon
 10434 | D:10     | Noticed a two-headed ogre
 10917 | D:10     | Paralysed by a hornet for 2 turns
 11185 | D:10     | Killed a two-headed ogre
 11185 | D:10     | Reached skill level 5 in Throwing
 11272 | D:10     | Found a runed translucent door.
 11272 | D:10     | Noticed tilp's ghost (journeyman HaAs)
 11292 | D:10     | Received a gift from Okawaru
 11327 | D:10     | Found a runed translucent door.
 11328 | D:10     | Noticed an ice dragon
 11331 | D:10     | Noticed an ice dragon
 11331 | D:10     | Noticed a fire dragon
 11332 | D:10     | Found the +2 shield of Resistance {rF+ rC+ MR+}
 11333 | D:10     | Noticed a fire dragon
 11360 | D:10     | Found a runed translucent door.
 11662 | D:11     | Noticed a cyclops
 11693 | D:11     | Killed a cyclops
 11924 | D:11     | Noticed Grum
 11946 | D:11     | Killed Grum
 11954 | D:11     | Noticed Snorg
 12152 | D:11     | Killed Snorg
 12235 | D:11     | Got a transparent wooden ring
 12237 | D:11     | Identified the ring "Orphe" {Str+4 Dex+4 SInv Stlth+} (You
                  | found it on level 11 of the Dungeon)
 12253 | D:11     | Found a staircase to the Orcish Mines.
 12257 | D:11     | Noticed Erolcha
 12281 | D:11     | Killed Erolcha
 12281 | D:11     | Reached skill level 10 in Invocations
 12281 | D:11     | Reached XP level 12. HP: 72/103 MP: 18/19
 12512 | D:11     | Found a runed translucent door.
 12512 | D:11     | Found a shimmering altar of Xom.
 12512 | D:11     | Noticed Yermak's ghost (journeyman CeTm)
 12685 | D:12     | Reached skill level 9 in Fighting
 13467 | D:12     | Received a gift from Okawaru
 14019 | D:13     | Received a gift from Okawaru
 14218 | D:13     | Found a shimmering blue altar of Sif Muna.
 14285 | D:13     | Reached ****** piety under Okawaru
 14785 | D:13     | Noticed a centaur warrior
 14797 | D:13     | Killed a centaur warrior
 15221 | D:13     | Reached skill level 10 in Shields
 15267 | D:13     | Reached skill level 10 in Armour
 15267 | D:13     | Reached XP level 13. HP: 43/112 MP: 13/21
 15274 | D:13     | Received a gift from Okawaru
 15603 | D:13     | Reached skill level 10 in Fighting
 16091 | D:13     | Noticed a frost giant
 16107 | D:13     | Killed a frost giant
 16122 | D:13     | Received a gift from Okawaru
 16158 | D:13     | Noticed a crystal guardian
 16200 | D:13     | Killed a crystal guardian
 16673 | D:13     | Identified the Reference Book on the Birds and Summoning
 17081 | D:14     | Gained mutation: Your spells are a little harder to cast,
                  | but a little more powerful. [potion of mutation]
 17081 | D:14     | Gained mutation: You are resistant to hostile enchantments.
                  | (MR+) [potion of mutation]
 17114 | D:14     | Found a flagged portal.
 17123 | Bailey   | Entered a bailey
 17561 | Bailey   | Received a gift from Okawaru
 17568 | Bailey   | Got a fine war axe {god gift}
 17645 | Bailey   | Identified the +8 war axe of Ware {venom, MP+9} (Okawaru
                  | gifted it to you in a bailey)
 17703 | Bailey   | Learned a level 2 spell: Song of Slaying
 17771 | D:14     | Found a frozen archway.
 17789 | D:14     | Reached XP level 14. HP: 72/122 MP: 23/23
 17797 | D:14     | Reached skill level 15 in Axes
 17798 | D:14     | Reached skill level 11 in Fighting
 17807 | IceCv    | Entered an ice cave
 17826 | IceCv    | Identified 2 scrolls of acquirement
 17944 | IceCv    | Got a translucent platinum amulet
 17946 | IceCv    | Identified the amulet "Loucan" {RegenMP +Fly rElec rF+}
                  | (You acquired it in an ice cave)
 18430 | IceCv    | Found an ancient bone altar of Kikubaaqudgha.
 19036 | IceCv    | Received a gift from Okawaru
 19065 | IceCv    | Got a pair of fine gloves {god gift}
 19076 | IceCv    | Identified the +0 pair of gloves "Rerchy" {*Corrode rElec
                  | rF+ Dex+2} (Okawaru gifted it to you in an ice cave)
 19625 | Lair:1   | Entered Level 1 of the Lair of Beasts
 20498 | Lair:2   | Found a runed translucent gate.
 20498 | Lair:2   | Found a runed translucent gate.
 20498 | Lair:2   | Found a runed translucent gate.
 20505 | Lair:2   | Noticed zkyp's ghost (journeyman DgGl)
 20889 | Lair:2   | Killed zkyp's ghost
 20903 | Lair:2   | Got a pair of crude gloves
 20905 | Lair:2   | Identified the cursed +0 pair of gloves of Wonludedd {rN+
                  | MR+ Str+2} (You found it on level 2 of the Lair of Beasts)
 21179 | Lair:3   | Found a staircase to the Swamp.
 21786 | Lair:4   | Found a staircase to the Snake Pit.
 21812 | Lair:4   | Reached skill level 12 in Fighting
 21937 | Lair:4   | Received a gift from Okawaru
 22124 | Lair:4   | Got a bloodstained chain mail {god gift}
 22137 | Lair:4   | Identified the +1 chain mail "Bewnipn" {Regen+ Str+2 Int+3}
                  | (Okawaru gifted it to you on level 4 of the Lair of Beasts)
 22837 | Lair:5   | Lost mutation: You are resistant to hostile enchantments.
                  | (MR+) [potion of mutation]
 22837 | Lair:5   | Lost mutation: Your spells are a little harder to cast, but
                  | a little more powerful. [potion of mutation]
 22837 | Lair:5   | Gained mutation: You are partially covered in yellow
                  | scales. (AC +2) [potion of mutation]
 22837 | Lair:5   | Gained mutation: You are partially covered in molten
                  | scales. (AC +2) [potion of mutation]
 22837 | Lair:5   | Gained mutation: You are robust. (+10% HP) [potion of
                  | mutation]
 22837 | Lair:5   | Gained mutation: Your mind is acute. (Int +2) [potion of
                  | mutation]
 22856 | Lair:5   | Reached XP level 15. HP: 123/146 MP: 24/24
 23497 | Lair:6   | Entered Level 6 of the Lair of Beasts
 24378 | Lair:6   | Reached skill level 13 in Fighting
 24431 | Lair:6   | Found a staircase to the Slime Pits.
 24448 | Lair:6   | Found a viscous altar of Jiyva.
 24715 | Orc:1    | Entered Level 1 of the Orcish Mines
 24737 | Orc:1    | Found a roughly hewn altar of Beogh.
 24815 | Orc:1    | Found a dark tunnel.
 24823 | Volcano  | Entered a volcano
 24849 | Volcano  | Reached XP level 16. HP: 157/157 MP: 25/25
 24982 | Volcano  | Received a gift from Okawaru
 25309 | Orc:2    | Entered Level 2 of the Orcish Mines
 25309 | Orc:2    | Found a staircase to the Elven Halls.
 25339 | Orc:2    | Learned a level 3 spell: Regeneration
 25513 | Orc:2    | Found Zeexkoa's Gadget Shop.
 25513 | Orc:2    | Found Lyoboedi's Food Emporium.
 25517 | Orc:2    | Found Vauvujal's Assorted Antiques.
 25521 | Orc:2    | Found Meonops's Assorted Antiques.
 25714 | Orc:2    | Bought a scroll labeled WUMOZE INORGH for 33 gold pieces
 25913 | Orc:2    | Bought 2 scrolls of magic mapping for 154 gold pieces
 26080 | Orc:2    | Found a roughly hewn altar of Beogh.
 27183 | Snake:1  | Entered Level 1 of the Snake Pit
 27301 | Snake:1  | Noticed a nagaraja
 27314 | Snake:1  | Killed a nagaraja
 27566 | Snake:1  | Received a gift from Okawaru
 27677 | Snake:1  | Received a gift from Okawaru
 27949 | Snake:1  | Reached XP level 17. HP: 166/166 MP: 26/26
 28117 | Snake:1  | Received a gift from Okawaru
 28452 | Snake:1  | Found a shadowy altar of Dithmenos.
 28688 | Snake:1  | Reached skill level 14 in Fighting
 29009 | Snake:2  | Noticed Nikola
 29032 | Snake:2  | Killed Nikola
 29064 | Snake:2  | Found Deqeuhaf's Food Shoppe.
 29177 | Snake:2  | Received a gift from Okawaru
 29177 | Snake:2  | Reached skill level 5 in Charms
 29737 | Snake:3  | Noticed Aizul
 29756 | Snake:3  | Killed Aizul
 30530 | Snake:3  | Noticed Roxanne
 30766 | Snake:3  | Identified the +7 war axe "Zeotwu" {chop, +Inv +Fly} (You
                  | found it on level 3 of the Snake Pit)
 30839 | Snake:3  | Reached skill level 5 in Spellcasting
 30848 | Snake:3  | Received a gift from Okawaru
 31300 | Snake:3  | Noticed Vashnia
 31313 | Snake:3  | Received a gift from Okawaru
 31336 | Snake:3  | Killed Vashnia
 31336 | Snake:3  | Reached XP level 18. HP: 167/177 MP: 27/27
 31669 | Snake:3  | Killed Roxanne
 31802 | Snake:4  | Entered Level 4 of the Snake Pit
 31849 | Snake:4  | Reached skill level 15 in Shields
 31916 | Snake:4  | Reached skill level 1 in Necromancy
 32207 | Snake:4  | Received a gift from Okawaru
 32222 | Snake:4  | Reached skill level 15 in Fighting
 32404 | Snake:4  | Got a smoking hand axe {god gift}
 32405 | Snake:4  | Identified the +4 hand axe "Xonudgho" {freeze, rC+ Int+2}
                  | (Okawaru gifted it to you on level 4 of the Snake Pit)
 33234 | Snake:4  | Received a gift from Okawaru
 33965 | Snake:4  | Received a gift from Okawaru
 33980 | Snake:4  | Reached XP level 19. HP: 13/189 MP: 28/28
 34413 | Snake:4  | Identified a +0 pair of boots of running (Okawaru gifted it
                  | to you on level 4 of the Snake Pit)
 34503 | Snake:4  | Got a serpentine rune of Zot
 34758 | Swamp:1  | Entered Level 1 of the Swamp
 34769 | Swamp:1  | Reached skill level 5 in Necromancy
 34822 | Swamp:1  | Reached skill level 10 in Throwing
 35001 | Swamp:1  | Reached skill level 16 in Fighting
 36363 | Swamp:2  | Received a gift from Okawaru
 36976 | Swamp:2  | Received a gift from Okawaru
 38269 | Swamp:4  | Entered Level 4 of the Swamp
 38326 | Swamp:4  | Reached skill level 17 in Fighting
 39531 | Swamp:4  | Got a decaying rune of Zot
 39556 | Swamp:4  | Upgraded the game from 0.25-a0-339-gb37b713d4c to
                  | 0.25-a0-340-ga1faa1601d
 39749 | D:10     | Killed tilp's ghost
 39876 | D:14     | Received a gift from Okawaru
 39876 | D:14     | Reached XP level 20. HP: 192/205 MP: 29/29
 40272 | D:14     | Found a gate to the Vaults.
 40478 | D:15     | Entered Level 15 of the Dungeon
 40520 | D:15     | Received a gift from Okawaru
 40544 | D:15     | Found a staircase to the Depths.
 40587 | D:15     | Reached skill level 18 in Fighting
 41040 | D:15     | Identified the cursed +1 chain mail of the Orb {rC+++ rCorr
                  | Int-3 Dex-5} (You found it on level 15 of the Dungeon)
 41579 | Depths:1 | Entered Level 1 of the Depths
 41587 | Depths:1 | Paralysed by a floating eye for 3 turns
 42099 | D:15     | Received a gift from Okawaru
 42170 | Depths:1 | Paralysed by a floating eye for 2 turns
 42488 | Depths:1 | Noticed a lich
 42684 | D:15     | Reached skill level 15 in Armour
 42894 | Depths:1 | Found a gateway to Hell.
 42944 | Depths:1 | Found a gateway to a ziggurat.
 43190 | Depths:1 | Found a portal to a secret trove of treasure.
 43431 | Depths:1 | Received a gift from Okawaru
 43701 | Vaults:1 | Entered Level 1 of the Vaults
 44068 | Vaults:1 | Reached skill level 19 in Fighting
 44273 | Vaults:1 | Found Taythoac's Antique Weapon Shop.
 44365 | Vaults:1 | Found Viesesmy's Gadget Shoppe.
 44553 | Vaults:1 | Received a gift from Okawaru
 44850 | Vaults:1 | Reached XP level 21. HP: 184/215 MP: 30/30
 44850 | Vaults:1 | Received a gift from Okawaru
 46380 | Vaults:2 | Received a gift from Okawaru
 46900 | Vaults:3 | Found a ruined gateway.
 46923 | Desolati | Entered the Desolation of Salt
 47180 | Desolati | Reached skill level 20 in Fighting
 47203 | Desolati | Got a crude bone ring
 47204 | Desolati | Identified the cursed ring "Ulubef" {Int+2 Dex-3 SInv} (You
                  | found it in the Desolation of Salt)
 47479 | Desolati | Found the +3 hat of Pondering {ponderous, MR+ MP+10 Int+5}
 47484 | Desolati | Received a gift from Okawaru
 47697 | Desolati | Received a gift from Okawaru
 47751 | Desolati | Identified the Papyrus of Creative Fire
 47754 | Desolati | Found the +0 Maxwell's etheric cage {RegenMP+ *Contam rElec
                  | MP+4}
 47756 | Desolati | Identified the Volume of Enchantment and Poison
 47760 | Desolati | Identified the Disquisition on the Aerial Mountains
 47989 | Desolati | Received a gift from Okawaru
 48215 | Vaults:3 | Reached XP level 22. HP: 215/230 MP: 32/32
 48300 | Vaults:3 | Received a gift from Okawaru
 48301 | Vaults:3 | Found the +10 large shield of Ignorance {rN+ Int-4}
 48335 | Vaults:3 | Found a staircase to the Crypt.
 48459 | Vaults:3 | Gained mutation: You have supernaturally acute eyesight.
                  | (SInv) [a neqoxec]
 48821 | Vaults:3 | Found a shimmering altar of Xom.
 49550 | Vaults:4 | Reached skill level 21 in Fighting
 50200 | Vaults:4 | Received a gift from Okawaru
 50322 | Vaults:4 | Found Bateell's Gadget Emporium.
 51014 | Crypt:1  | Entered Level 1 of the Crypt
 51692 | Crypt:1  | Reached XP level 23. HP: 224/242 MP: 33/33
 52159 | Crypt:2  | Found a large runed translucent door.
 52159 | Crypt:2  | Found a large runed translucent door.
 52163 | Crypt:2  | Noticed Efutuir's ghost (veteran GnWn)
 52164 | Crypt:2  | Found the amulet of the Four Winds {rN+ MR+++ Clar}
 52242 | Crypt:2  | Found a basalt altar of Yredelemnul.
 52337 | Crypt:2  | Received a gift from Okawaru
 52620 | Crypt:2  | Received a gift from Okawaru
 52633 | Crypt:2  | Reached skill level 22 in Fighting
 53081 | Crypt:3  | Entered Level 3 of the Crypt
 53131 | Crypt:3  | Reached skill level 15 in Invocations
 53193 | Crypt:3  | Received a gift from Okawaru
 53414 | Crypt:3  | Found an ancient bone altar of Kikubaaqudgha.
 53415 | Crypt:3  | Noticed an ancient lich
 53433 | Crypt:3  | Killed an ancient lich
 53527 | Crypt:3  | Identified the ring "Gary" {*Drain rF+++ MR+ Int-2 Slay+4}
                  | (You found it on level 3 of the Crypt)
 54092 | Crypt:3  | Reached skill level 15 in Throwing
 54116 | Crypt:3  | Found a staircase to the Tomb.
 54137 | Crypt:3  | Identified the amulet "Gosole Dus" {rF- rN++ Regen+} (You
                  | found it on level 3 of the Crypt)
 54139 | Crypt:3  | Identified the ring of Amouffi {rF+ rC- rN+ Str+4 Stlth+}
                  | (You found it on level 3 of the Crypt)
 54284 | Crypt:3  | Identified the Volume of Necromancy
 54539 | Crypt:2  | Killed Efutuir's ghost
 54859 | Elf:1    | Entered Level 1 of the Elven Halls
 55186 | Elf:1    | Received a gift from Okawaru
 55212 | Elf:1    | Identified the +9 broad axe of Leory {flame, *Noise rC+
                  | Str+6} (Okawaru gifted it to you on level 1 of the Elven
                  | Halls)
 55222 | Elf:1    | Noticed Frances
 55232 | Elf:1    | Killed Frances
 55232 | Elf:1    | Reached XP level 24. HP: 206/255 MP: 34/34
 55785 | Elf:2    | Found Keolizun's Distillery.
 55812 | Elf:2    | Found a huge runed translucent gate.
 55812 | Elf:2    | Found a huge runed translucent gate.
 55812 | Elf:2    | Found a huge runed translucent gate.
 55817 | Elf:2    | Found a huge runed translucent gate.
 55817 | Elf:2    | Found a huge runed translucent gate.
 55839 | Elf:2    | Found a large runed translucent door.
 55839 | Elf:2    | Found a large runed translucent door.
 55840 | Elf:2    | Noticed Borgoz's ghost (adept GrFi)
 56044 | Elf:2    | Reached skill level 23 in Fighting
 56655 | Elf:3    | Entered Level 3 of the Elven Halls
 56718 | Elf:3    | Received a gift from Okawaru
 56935 | Elf:3    | Received a gift from Okawaru
 57464 | Elf:3    | Identified the Collected Works on Boosting Evil
 57503 | Elf:3    | Identified the cursed +3 hand axe of the Valley of Death
                  | {chop, Int+6} (You found it on level 3 of the Elven Halls)
 57531 | Elf:3    | Got a pitted ruby amulet
 57550 | Elf:3    | Identified A Thorough Guide to Wizardry
 57567 | Elf:3    | Identified the amulet of Hoifieturi {Acrobat Int+4} (You
                  | found it on level 3 of the Elven Halls)
 57594 | Elf:3    | Identified the Volume of Confrontation
 57952 | Elf:3    | Found Weit's Food Emporium.
 58288 | Depths:2 | Found Waav's Antique Armour Boutique.
 58482 | Depths:2 | Found Azxo's Antique Weapon Shop.
 58500 | Depths:2 | Reached skill level 24 in Fighting
 58611 | Depths:2 | Received a gift from Okawaru
 58617 | Depths:2 | Reached XP level 25. HP: 252/267 MP: 34/34
 58767 | Depths:2 | Received a gift from Okawaru
 58829 | Depths:2 | Found a one-way gate leading to the halls of Pandemonium.
 59619 | Depths:3 | Received a gift from Okawaru
 59643 | Depths:3 | Received a gift from Okawaru
 59657 | Depths:3 | Reached skill level 25 in Fighting
 59700 | Depths:3 | Found Socinad's Antique Weapon Shop.
 59747 | Depths:3 | Identified the +2 pair of gloves of Divine Compulsion
                  | {Stlth+} (Okawaru gifted it to you on level 3 of the
                  | Depths)
 60250 | Depths:3 | Noticed a juggernaut
 60267 | Depths:3 | Killed a juggernaut
 60751 | Depths:3 | Found a white marble altar of Elyvilon.
 60751 | Depths:3 | Found a glowing silver altar of Zin.
 60751 | Depths:3 | Found a glowing golden altar of the Shining One.
 61129 | Depths:3 | Gained mutation: You are occasionally teleported next to
                  | monsters. [a shining eye]
 61150 | Depths:3 | Learned a level 2 spell: Passwall
 61282 | Depths:4 | Found a one-way gate to the infinite horrors of the Abyss.
 61315 | Depths:4 | Reached skill level 1 in Earth Magic
 61354 | Depths:4 | Received a gift from Okawaru
 61356 | Depths:4 | Found Ceosod's Weapon Shop.
 61364 | Depths:4 | Reached XP level 26. HP: 191/284 MP: 34/34
 61397 | Depths:4 | Found a magical portal.
 61469 | WizLab   | Reached skill level 1 in Transmutations
 61503 | WizLab   | Reached skill level 26 in Fighting
 62292 | WizLab   | Identified Iskenderun's Almanac of the Magpie
 62292 | WizLab   | Identified Iskenderun's Volume of Confrontation
 62675 | Depths:4 | Noticed a juggernaut
 62691 | Depths:4 | Killed a juggernaut
 63281 | Depths:4 | Identified the +11 chain mail of the Wheelwright {-Tele rC+
                  | rN+++ Slay-6} (You found it on level 4 of the Depths)
 63326 | Depths:5 | Entered Level 5 of the Depths
 63375 | Depths:5 | Received a gift from Okawaru
 63803 | Depths:5 | Reached skill level 27 in Fighting
 63803 | Depths:5 | Reached skill level 5 in Earth Magic
 64007 | Depths:5 | Reached XP level 27. HP: 240/298 MP: 34/34
 64162 | Depths:5 | Noticed Xtahua
 64171 | Depths:5 | Killed Xtahua
 64171 | Depths:5 | Received a gift from Okawaru
 64633 | Depths:5 | Found a gate to the Realm of Zot.
 64700 | Depths:5 | Identified the +4 chain mail of the Sea {rElec} (You found
                  | it on level 5 of the Depths)
 65045 | Vaults:5 | Entered Level 5 of the Vaults
 65052 | Vaults:5 | Reached skill level 1 in Dodging
 65238 | Vaults:5 | Received a gift from Okawaru
 65250 | Vaults:5 | Received a gift from Okawaru
 65667 | Vaults:5 | Received a gift from Okawaru
 65926 | Vaults:5 | Received a gift from Okawaru
 65956 | Vaults:5 | Found Baerryom's Jewellery Shoppe.
 65959 | Vaults:5 | Found Wepik's Magic Scroll Boutique.
 66157 | Vaults:5 | Bought a scroll of brand weapon for 260 gold pieces
 66163 | Vaults:5 | Got a silver rune of Zot
 66168 | Vaults:5 | Found Racabb's Distillery.
 66172 | Vaults:5 | Bought a potion of heal wounds for 95 gold pieces
 66172 | Vaults:5 | Bought a potion of heal wounds for 95 gold pieces
 66172 | Vaults:5 | Bought a potion of resistance for 190 gold pieces
 66172 | Vaults:5 | Bought a potion of heal wounds for 95 gold pieces
 66172 | Vaults:5 | Bought a potion of heal wounds for 95 gold pieces
 66204 | Vaults:5 | Reached skill level 5 in Dodging
 66854 | Vaults:5 | Received a gift from Okawaru
 66909 | Vaults:5 | Found Leajiloura's Antique Armour Shop.
 66936 | Vaults:5 | Bought a potion of cancellation for 152 gold pieces
 66936 | Vaults:5 | Bought a potion of might for 76 gold pieces
 66936 | Vaults:5 | Bought a potion of might for 76 gold pieces
 66978 | Vaults:5 | Bought a smoking chain mail for 351 gold pieces
 66978 | Vaults:5 | Bought a shimmering chain mail for 351 gold pieces
 66978 | Vaults:5 | Identified the +3 chain mail of the Eternal Void {Str+3}
                  | (You bought it in a shop on level 5 of the Vaults)
 66979 | Vaults:5 | Identified the +7 chain mail of Boevyuf {rF+ rC++} (You
                  | bought it in a shop on level 5 of the Vaults)
 67281 | Zot:1    | Entered Level 1 of the Realm of Zot
 68606 | Zot:1    | Received a gift from Okawaru
 68615 | Zot:1    | Noticed an orb of fire
 68627 | Zot:1    | Gained mutation: You do not regenerate when monsters are
                  | visible. [an orb of fire]
 68639 | Zot:1    | Killed an orb of fire
 69502 | Orc:2    | Bought a scroll of enchant armour for 247 gold pieces
 69684 | D:6      | Bought a scroll of enchant armour for 165 gold pieces
 69781 | Lair:1   | Lost mutation: You do not regenerate when monsters are
                  | visible. [potion of mutation]
 69781 | Lair:1   | Lost mutation: You are partially covered in yellow scales.
                  | (AC +2) [potion of mutation]
 69781 | Lair:1   | Lost mutation: You have supernaturally acute eyesight.
                  | (SInv) [potion of mutation]
 69781 | Lair:1   | Lost mutation: Your mind is acute. (Int +2) [potion of
                  | mutation]
 69781 | Lair:1   | Gained mutation: Your system is resistant to poisons.
                  | (rPois) [potion of mutation]
 69863 | Lair:5   | Lost mutation: You are robust. (+10% HP) [potion of
                  | mutation]
 69863 | Lair:5   | Lost mutation: You are occasionally teleported next to
                  | monsters. [potion of mutation]
 69863 | Lair:5   | Gained mutation: Scrolls take you a little longer to read.
                  | [potion of mutation]
 69863 | Lair:5   | Gained mutation: Your spells are a little harder to cast,
                  | but a little more powerful. [potion of mutation]
 69863 | Lair:5   | Gained mutation: You are agile. (Dex +2) [potion of
                  | mutation]
 72309 | Zot:2    | Received a gift from Okawaru
 72332 | Zot:2    | Identified Poggenka's Grimoire of the Farrier
 72345 | Zot:2    | Noticed an ancient lich
 72361 | Zot:2    | Killed an ancient lich
 72855 | Zot:3    | You fall into a shaft and drop 1 floor!
 72979 | Zot:3    | Received a gift from Okawaru
 74907 | Zot:5    | Entered Level 5 of the Realm of Zot
 74953 | Zot:5    | Reached skill level 5 in Transmutations
 75040 | Zot:5    | Received a gift from Okawaru
 75831 | Zot:5    | Noticed an ancient lich
 75848 | Zot:5    | Killed an ancient lich
 76084 | Zot:5    | Noticed an ancient lich
 76105 | Zot:5    | Killed an ancient lich
 76145 | Zot:5    | Received a gift from Okawaru
 76307 | Zot:5    | Noticed an orb of fire
 76322 | Zot:5    | Killed an orb of fire
 76322 | Zot:5    | Received a gift from Okawaru
 76363 | Zot:5    | Noticed an orb of fire
 76364 | Zot:5    | Killed an orb of fire
 76364 | Zot:5    | Received a gift from Okawaru
 76373 | Zot:5    | Noticed an orb of fire
 76379 | Zot:5    | Killed an orb of fire
 76379 | Zot:5    | Received a gift from Okawaru
 76386 | Zot:5    | Noticed an ancient lich
 76389 | Zot:5    | Killed an ancient lich
 76464 | Zot:5    | Noticed an orb of fire
 76468 | Zot:5    | Killed an orb of fire
 76486 | Zot:5    | Noticed an ancient lich
 76491 | Zot:5    | Noticed an ancient lich
 76510 | Zot:5    | Killed an ancient lich
 76512 | Zot:5    | Killed an ancient lich
 76512 | Zot:5    | Received a gift from Okawaru
 76664 | Zot:5    | Got the Orb of Zot
 77038 | D:13     | Noticed Sunoul Kafi the pandemonium lord
 77250 | D:5      | Noticed Haosemoe the pandemonium lord
 77426 | D:$      | Escaped with the Orb!

Levels and vault maps discovered:
D:1:      ncdulo_halloftheorcs, layout_basic, xom_teletrap_fun
D:2:      layout_loops_ring, overflow_temple_1_default,
          kennysheep_okawaru_gauntlet, ashenzari_altar_1, uniq_natasha
D:3:      layout_basic, fedhas_altar_2, lemuel_doored_altar
D:4:      layout_loops_corners, fiery_altar_vehumet, serial_glass,
          glass_columns_a, glass_columns_a, glass_columns_c, glass_columns_a,
          glass_columns_c, glass_columns_a, chequers_serial_rivers_micro_e
D:5:      layout_cave_pools, nicolae_overflow_crystal_walls, first_ration
D:6:      layout_loops_ring, serial_shops, nicolae_shop_stone, uniq_pikel
D:7:      layout_basic, gammafunk_temple_overflow_elements,
          minmay_temple_entry_arrows, serial_glass, glass_columns_a,
          glass_columns_c, grunt_livestock
D:8:      layout_rooms, erik_lair_orcish_takeover
D:9:      layout_roguey, lemuel_crystal_altar, small_chamber_with_monster
D:10:     layout_roguey, hellmonk_ghost_happy_afterlife, abandoned_shop,
          minmay_guarded_unrand_resistance
D:11:     layout_big_octagon, orc_0_dummy, ebering_ghost_xom, uniq_erolcha,
          uniq_grum, uniq_snorg
D:12:     layout_irregular_city
D:13:     regret_index_combs_of_tragedy, layout_long_grid, lemuel_oklob_altar
D:14:     layout_stronghold, david_vaults_5, chequers_serial_rivers_room_a,
          portal_ice_cave_entry_pillars_1, enter_bailey_3, wad_dig_loot
D:15:     gammafunk_enter_depths_forms, layout_basic, minivault_25
Lair:1:   layout_misc_corridors, chequers_serial_rivers_room_a,
          fungi_pond_lemuel, chequers_serial_rivers_large_a
Lair:2:   layout_big_grid, maelrawn_ghost_gauntlet_escape, serial_bayou_shore_b,
          lemuel_fruit_tree, infiniplex_staircase_pool_2
Lair:3:   layout_loops_ring, minmay_swamp_entry_swarm, beast_lair_carwin_6
Lair:4:   layout_regular_city, minmay_snake_entry_guardpost_small,
          minmay_lair_oklob_chamber
Lair:5:   layout_hall_layers, grunt_megastairs_1
Lair:6:   gammafunk_lair_ancient_temple, layout_small_grid, slime_altar_1,
          serial_bayou_shore_a
Swamp:1:  layout_basic_swamp, evilmike_swamp_ruin_rubble_1
Swamp:2:  layout_falls_marsh, hangedman_swamp_pad
Swamp:3:  layout_basic_swamp, nicolae_swamp_trees_clearing, hangedman_swamp_muck
Swamp:4:  swamp_fiery, layout_basic_swamp
Snake:1:  nicolae_snake_hallway, layout_chambers, basic_altar, special_room
Snake:2:  layout_honeycomb, serial_shops, nicolae_shop_waterfront, uniq_nikola
Snake:3:  layout_basic, nicolae_snake_double_loop, guppyfry_snake_island,
          uniq_aizul, uniq_vashnia, uniq_roxanne
Snake:4:  johnstein_snake_rune_scales, layout_misc_corridors
Orc:1:    layout_caves, basic_altar, lightli_volcano_entry_magma_tube
Orc:2:    st_orc_rangers, layout_diamond_mine, basic_altar
Elf:1:    layout_loops_ring, minivault_28, uniq_frances
Elf:2:    layout_gridlike, ebering_ghost_disaster_area, serial_shops, shop
Elf:3:    minmay_elf_hall_four_x, layout_loops_cross, serial_shops, shop,
          palyth_stone_intersect, minmay_misc_feat_alley,
          serial_sigils_hangedman_gut, minivault_11
Vaults:1: vaults_mumra_minichess, vaults_dpeg_cross, v_misc_28,
          nicolae_vaults_rhombus_7, nicolae_vaults_theta, v_pattern_2,
          nicolae_vaults_shelves_hall, vaults_room_pools,
          layout_vaults_omnigrid, serial_shops, nicolae_shop_trees,
          nicolae_shop_stone
Vaults:2: st_hourglassy, vaults_dpeg_spiral, nicolae_vaults_little_squares_6,
          ontoclasm_vaults_fault, v_alt_pattern_6, grunt_vaults_trifunnel,
          grunt_vaults_funnel, layout_vaults_big_room, serial_glass
Vaults:3: vaults_room_octagon, dpeg_vaults_monster_box, nicolae_vaults_big_ls,
          grunt_vaults_hallway_short, vaults_mumra_hexcomb,
          hangedman_vaults_locks, ontoclasm_vaults_ring_large,
          nicolae_vaults_mini_display_case, minmay_crypt_entry_simple_round,
          vaults_standard_mumra_enter_the_diamond, nicolae_vaults_angled_halls,
          vaults_dpeg_hooks, layout_vaults_omnibox, basic_altar,
          portal_desolation_entry_nicolae_slug
Vaults:4: v_misc_29, nicolae_vaults_little_squares_3,
          nicolae_vaults_network_barrier, nicolae_vaults_ring_of_whatevers,
          nicolae_vaults_rhombus_5, hangedman_vaults_slice, v_misc_13,
          v_alt_pattern_3, ontoclasm_vaults_loading_screen, v_misc_2,
          ontoclasm_vaults_ring_small, ontoclasm_vaults_loading_screen,
          layout_vaults_maze_snakey, serial_shops, shop
Vaults:5
Crypt:1:  layout_rooms, roderic_lattice_octagonal_star
Crypt:2:  layout_basic, ebering_ghost_disaster_area,
          lemuel_mausoleum_altar_yredelemnul
Crypt:3:  cryptofortress_bobbens
Depths:1: layout_basic, enter_ziggurat_f, hangedman_coc_ice_floe,
          nicolae_trove_entry_crystal, minmay_misc_feat_four_crosses,
          lemuel_statue_altar
Depths:2: evilmike_hourglass, layout_gridlike, grunt_hell_entry_dis_old,
          serial_shops, shop, shop_statue, serial_glass, glass_columns_c,
          glass_columns_a, glass_columns_a, glass_columns_a, glass_columns_a,
          rand_demon_pan_entry_3
Depths:3: vault_1, layout_cave_pools, serial_shops, nicolae_shop_statue_plus,
          hell_entry, rand_demon_pan_entry_1, ebering_dispersal_statue_hall,
          minmay_misc_feat_plants, chequers_serial_rivers_room_a, hallowed_hall,
          serial_bayou_shore_b, infiniplex_staircase_x
Depths:4: cheibrodos_leafed_vault, layout_cave_pools, serial_bayou_pond_c,
          serial_shops, shop, hell_entry, grunt_pan_entry_spiral,
          infiniplex_enter_wizlab_water, abyss_entry
Depths:5: grunt_zot_entry_gee_three, layout_cave_pools, lightli_too_deep,
          drop_trap, hangedman_abyss_or_decor_stabs, uniq_xtahua
Zot:1:    layout_gridlike, st_stairs_9, st_small_dragon_hoard_3
Zot:2:    layout_gridlike, lemuel_lich_library
Zot:3:    layout_gridlike, skrybe_zot_glass_1
Zot:4:    grunt_twist_and_shout, layout_concentric_octagons
Zot:5:    layout_cathedral_of_symmetry

Skill      XL: |  1  2  3  4  5  6  7  8  9 10 11 12 13 14 15 16 17 18 19 20 21 22 23 24 25 26 27 |
---------------+----------------------------------------------------------------------------------+-----
Axes           | 3 4 5 6 7 8 10 11 12 13 14 16 17 18 19 | 19.4
Fighting       | 4 5 6 7 8 9 10 12 13 14 15 17 19 20 21 22 24 25 27 | 27.0
Armour         | 4 5 6 7 8 9 10 11 12 13 14 15 16 17 18 19 21 22 26 | 26.1
Shields        | 4 5 6 7 8 10 11 13 14 15 | 15.0
Throwing       | 1 2 3 4 6 7 8 9 11 13 14 15 16 21 | 21.8
Invocations    | 1 4 6 8 10 11 12 13 14 15 | 15.3
Spellcasting   | 2 3 5 6 7 8 |  8.0
Charms         | 2 4 6 7 8 9 |  9.0
Evocations     | 2 3 |  3.6
Necromancy     | 4 5 6 9 |  9.8
Earth Magic    | 1 5 9 |  9.7
Transmutations | 4 7 |  7.6
Dodging        | 9 |  9.3

Action                   |  1- 3 |  4- 6 |  7- 9 | 10-12 | 13-15 | 16-18 | 19-21 | 22-24 | 25-27 || total
-------------------------+-------+-------+-------+-------+-------+-------+-------+-------+-------++-------
Melee: War axe           |   107 |    70 |       |       |   496 |   150 |       |   575 |       ||  1398
       Hand axe          |       |   124 |   331 |   779 |   562 |       |    77 |       |       ||  1873
       Broad axe         |       |       |       |       |     8 |   803 |  1345 |   900 |  2123 ||  5179
Throw: Stone             |       |     4 |       |       |       |       |       |       |       ||     4
       Dart              |       |    32 |    29 |   124 |    12 |     9 |       |    11 |     7 ||   224
       Boomerang         |       |       |    11 |    34 |    68 |   127 |   391 |       |       ||   631
       Javelin           |       |       |       |       |       |    21 |     8 |   122 |   135 ||   286
       Throwing net      |       |       |       |       |       |       |       |     1 |       ||     1
 Cast: Song of Slaying   |       |       |       |       |       |    20 |    23 |    68 |    71 ||   182
       Regeneration      |       |       |       |       |       |     5 |    29 |    51 |    95 ||   180
       Passwall          |       |       |       |       |       |       |       |       |     6 ||     6
Invok: Heroism           |       |       |     1 |     5 |     7 |     4 |     4 |     6 |    16 ||    43
       Finesse           |       |       |       |     4 |     5 |     3 |     2 |     4 |    12 ||    30
Evoke: Wand              |       |       |       |       |       |     2 |       |       |     9 ||    11
       Lamp of fire      |       |       |       |       |       |       |       |     2 |       ||     2
  Use: Scroll            |       |     5 |       |     9 |    17 |    12 |    13 |    13 |    25 ||    94
       Potion            |       |     5 |       |       |     7 |       |     1 |       |    28 ||    41
 Stab: Distracted        |       |       |       |       |       |     1 |       |       |       ||     1
       Confused          |       |       |       |       |       |       |     1 |       |     4 ||     5
  Eat: Chunk             |     2 |    10 |    11 |    24 |    20 |    16 |    36 |    24 |    43 ||   186
       Ration            |       |       |       |       |     3 |     5 |     3 |     5 |     8 ||    24
Armor: Scale mail        |     4 |       |       |       |       |       |       |       |       ||     4
       Chain mail        |    50 |    94 |   137 |    31 |       |   314 |   539 |       |       ||  1165
       Plate armour      |       |       |       |   299 |   387 |       |    12 |   416 |       ||  1114
       Crystal plate arm |       |       |       |       |       |       |       |    39 |    83 ||   122
       Gold dragon scale |       |       |       |       |       |       |       |       |   906 ||   906
Dodge: Dodged            |    32 |    36 |    56 |   132 |   203 |   175 |   286 |   192 |   495 ||  1607
Block: Shield            |    64 |    86 |   137 |   370 |   564 |   672 |   967 |   475 |  1286 ||  4621
       Large shield      |       |       |       |       |       |       |       |   657 |       ||   657

Table legend:
 A = Non-vault XP
 B = Vault XP
 C = Vault XP percentage of total XP
 D = Non-vault monster count
 E = Vault monster count
 F = Vault count percentage of total count
                 A         B        C        D         E       F
            +---------+---------+-------+---------+---------+-------
      Total |  974899 |  970694 |  49.9 |    1616 |    1091 |  40.3
            +---------+---------+-------+---------+---------+-------
        D:1 |      69 |      36 |  34.3 |      18 |       1 |   5.3
        D:2 |      72 |       4 |   5.3 |      16 |       2 |  11.1
        D:3 |     123 |       0 |   0.0 |      35 |       0 |   0.0
        D:4 |     615 |       0 |   0.0 |      27 |       0 |   0.0
        D:5 |     999 |       0 |   0.0 |      26 |       0 |   0.0
        D:6 |     295 |     586 |  66.5 |       8 |       1 |  11.1
        D:7 |    1016 |    1583 |  60.9 |      18 |      14 |  43.8
        D:8 |    1700 |      41 |   2.4 |      14 |       1 |   6.7
        D:9 |    3649 |     116 |   3.1 |      39 |       1 |   2.5
       D:10 |    3021 |    4960 |  62.1 |      29 |       5 |  14.7
       D:11 |    3832 |    2648 |  40.9 |      17 |       6 |  26.1
       D:12 |    4548 |       0 |   0.0 |      43 |       0 |   0.0
       D:13 |    9906 |   10669 |  51.9 |      35 |      50 |  58.8
       D:14 |   11613 |    2417 |  17.2 |      28 |      10 |  26.3
       D:15 |   22522 |    3355 |  13.0 |      43 |      13 |  23.2
     Lair:1 |    3001 |       0 |   0.0 |      13 |       0 |   0.0
     Lair:2 |    6249 |    2958 |  32.1 |      19 |       5 |  20.8
     Lair:3 |    1012 |    2529 |  71.4 |       6 |      10 |  62.5
     Lair:4 |    5387 |    1564 |  22.5 |      22 |       5 |  18.5
     Lair:5 |    3690 |     291 |   7.3 |      16 |       2 |  11.1
     Lair:6 |    4503 |    9676 |  68.2 |      17 |      25 |  59.5
    Swamp:1 |   14678 |       0 |   0.0 |      36 |       0 |   0.0
    Swamp:2 |   21210 |       0 |   0.0 |      42 |       0 |   0.0
    Swamp:3 |    7065 |    4173 |  37.1 |      27 |      10 |  27.0
    Swamp:4 |   16388 |   14689 |  47.3 |      46 |      24 |  34.3
    Snake:1 |   20380 |    7971 |  28.1 |      40 |      16 |  28.6
    Snake:2 |    5791 |    4260 |  42.4 |       7 |       1 |  12.5
    Snake:3 |   28408 |   13344 |  32.0 |      45 |       9 |  16.7
    Snake:4 |   25851 |   45385 |  63.7 |      46 |      70 |  60.3
      Orc:1 |    3001 |       0 |   0.0 |      31 |       0 |   0.0
      Orc:2 |    6241 |    3911 |  38.5 |      36 |      39 |  52.0
      Elf:1 |   22363 |    9179 |  29.1 |      40 |      13 |  24.5
      Elf:2 |   12237 |   25098 |  67.2 |      19 |      32 |  62.7
      Elf:3 |   14375 |   48833 |  77.3 |      23 |      33 |  58.9
   Vaults:1 |   32587 |    6977 |  17.6 |      48 |      10 |  17.2
   Vaults:2 |   21381 |   19695 |  47.9 |      33 |      22 |  40.0
   Vaults:3 |   27190 |   26554 |  49.4 |      34 |      43 |  55.8
   Vaults:4 |   47260 |   16448 |  25.8 |      77 |      22 |  22.2
   Vaults:5 |   38860 |  140251 |  78.3 |      50 |      99 |  66.4
    Crypt:1 |   31881 |       0 |   0.0 |      52 |       0 |   0.0
    Crypt:2 |   21002 |    5149 |  19.7 |      32 |      13 |  28.9
    Crypt:3 |       0 |   63706 | 100.0 |       0 |      82 | 100.0
   Depths:1 |   23021 |      10 |   0.0 |      34 |       1 |   2.9
   Depths:2 |   42844 |   28760 |  40.2 |      54 |      26 |  32.5
   Depths:3 |   42549 |   37994 |  47.2 |      45 |      36 |  44.4
   Depths:4 |   24250 |   40565 |  62.6 |      28 |      32 |  53.3
   Depths:5 |   52462 |   34551 |  39.7 |      34 |      21 |  38.2
      Zot:1 |   81147 |   19829 |  19.6 |      46 |       9 |  16.4
      Zot:2 |   45517 |   28641 |  38.6 |      26 |      26 |  50.0
      Zot:3 |   70186 |       0 |   0.0 |      46 |       0 |   0.0
      Zot:4 |   49705 |   26040 |  34.4 |      28 |      22 |  44.0
      Zot:5 |   37247 |  168048 |  81.9 |      22 |      41 |  65.1
     Bailey |       0 |    5340 | 100.0 |       0 |       9 | 100.0
      IceCv |       0 |    6566 | 100.0 |       0 |      54 | 100.0
    Volcano |       0 |    1141 | 100.0 |       0 |       4 | 100.0
     WizLab |       0 |   30567 | 100.0 |       0 |      34 | 100.0
 Desolation |       0 |   43586 | 100.0 |       0 |      87 | 100.0
            +---------+---------+-------+---------+---------+-------
